Unix NetHack Version 5.0.0-0 post-release - last build May 31 2026 23:59:36 (970b52f25bf058293b47ddfd14a1e40e571c508c,branch:main).

Game began 2026-06-06 01:50:13, ended 2026-06-06 01:55:35.

Kwijibo4686, neutral female human Valkyrie

         |      --- | -      ----
        --...  --......-------..|
       --..................|....|
      --.....................G..--
      -.............*........G.)G--
    |..     |..............?....h@|
    |       ---.... --- |.--.....*-
              -- --     -  --....|..
                            --.--- --
                             -.|
                             ..-
                            --.
                              .
                              ..
                              .--
                              --

Kwijibo4686 the Skirmisher  St:18/03 Dx:12 Co:17 In:6 Wi:9 Ch:9  Neutral
Dlvl:4  $:59 HP:0(32) Pw:9(9) AC:2  Xp:3 T:1003 

Latest messages:
 The dwarf wields a dwarvish mattock!
 The dwarvish mattock welds itself to the dwarf's hands!
 The dwarf picks up an arrow.
 The gnome shoots 2 crossbow bolts!
 You are hit by the 1st crossbow bolt.
 You are hit by the 2nd crossbow bolt.
 The gnome lord shoots 2 arrows!
 The 1st arrow misses the dwarf.
 The 1st arrow misses you.
 The gnome lord misfires!
 You kill the gnome!
 The dwarf picks up a crossbow bolt.
 The gnome lord picks up an arrow.
 You miss the dwarf.
 The gnome king shoots 2 arrows!
 The 1st arrow misses you.
 You are hit by the 2nd arrow.
 The dwarf swings her dwarvish mattock.
 The dwarf misses!
 You miss the dwarf.
 The dwarf swings her dwarvish mattock.
 The dwarf hits!
 You miss the dwarf.
 You miss the dwarf.
 The gnome king shoots an arrow!
 An arrow misses you.
 You climb up the stairs.
 You are beginning to feel hungry.
 With great effort you move the boulder.
 You try to move the boulder, but in vain.
 You try to move the boulder, but in vain.
 You try to move the boulder, but in vain.
 What do you want to eat? [df or ?*] ?
 This lichen corpse tastes okay.
 You finish eating the lichen corpse.
 Double run prefix, canceled.
 Double run prefix, canceled.
 You descend the stairs.
 The dwarf swings her dwarvish mattock.
 The dwarf hits!
 You miss the dwarf.
 The dwarf swings her dwarvish mattock.
 The dwarf misses!
 You hit the dwarf!
 The gnome king swings his bow.
 The gnome king hits!
 The dwarf swings her dwarvish mattock.
 The dwarf hits!
 You die...
 Do you want your possessions identified? [ynq] (y) q

Inventory:
 Coins    ('$')
  $ - 59 gold pieces
 Weapons  (')')
  b - a +0 dagger (alternate weapon; not wielded)
  a - a +1 spear (weapon in right hand)
 Armor    ('[')
  g - an uncursed +0 orcish helm (being worn)
  m - an uncursed +0 pair of water walking boots (being worn)
  c - an uncursed +3 small shield (being worn)
  o - an uncursed +0 leather armor (being worn)
 Comestibles  ('%')
  d - 4 uncursed food rations
  f - 2 uncursed lichen corpses
 Scrolls  ('?')
  e - an uncursed scroll of fire
  l - a cursed scroll of genocide
  h - a blessed scroll of identify
  i - a blessed scroll of teleportation
  k - an uncursed scroll of teleportation
 Potions  ('!')
  j - an uncursed potion of healing
 Tools    ('(')
  n - an uncursed credit card

Kwijibo4686 the Valkyrie's attributes:

Background:
 You were a Skirmisher, a level 3 human Valkyrie.
 You were neutral, nominally on a mission for Odin
 who was opposed by Tyr (lawful) and Loki (chaotic).
 You were right-handed.
 You were in the Gnomish Mines, on level 4.
 You entered the dungeon 1003 turns ago.
 It was nighttime.
 You had 51 experience points, 29 more were needed to attain level 4.

Basics:
 You had 0 out of 32 hit points.
 You had all 9 energy points (spell power).
 Your armor class was 2.
 Your wallet contained 59 zorkmids.
 Autopickup was on for '$?!/="' plus thrown.

Final Characteristics:
 Your strength was 18/03 (limit:18/100).
 Your dexterity was 12 (limit:18).
 Your constitution was 17 (limit:18).
 Your intelligence was 6 (limit:18).
 Your wisdom was 9 (limit:18).
 Your charisma was 9 (limit:18).

Final Status:
 You weren't hungry.
 You were unencumbered.
 You were wielding a spear.
 You had basic skill with spear.

Final Attributes:
 You were fervently aligned.
 You were cold resistant.
 You were stealthy.
 You could walk on water.
 You were warded.
 You are dead.

Miscellaneous:
 You didn't encounter any bones levels.
 Total elapsed playing time was 5 minutes and 22 seconds.

Major events:
 Turn
    1: Kwijibo4686 the neutral human Valkyrie entered the dungeon
  861: entered the Gnomish Mines
  870: attained the rank of Skirmisher (level 3)
 1003: killed by a dwarf

You didn't know any spells.

Skills:
 Fighting Skills
   bare handed combat [Unskilled]
   two weapon combat  [Unskilled]
   riding             [Unskilled]
 Weapon Skills
   dagger             [Basic]
   axe                [Unskilled]
   pick-axe           [Unskilled]
   short sword        [Unskilled]
   broadsword         [Unskilled]
   long sword         [Unskilled]
   two-handed sword   [Unskilled]
   saber              [Unskilled]
   hammer             [Unskilled]
   quarterstaff       [Unskilled]
   polearms           [Unskilled]
   spear              [Basic]
   trident            [Unskilled]
   lance              [Unskilled]
   sling              [Unskilled]
 Spellcasting Skills
   attack spells      [Unskilled]
   escape spells      [Unskilled]

Voluntary challenges:
 Character rerolling was not enabled.
 You were an atheist.
 You were illiterate.
 You never genocided any monsters.
 You never polymorphed an object.
 You never changed form.
 You used no wishes.
Achievements:
 You entered a shop.
 You entered the Gnomish Mines.
 You attained the rank of Skirmisher.

 The Dungeons of Doom: levels 1 to 3
    Level 1:
       A fountain.
    Level 2:
       A scroll shop, a fountain.
    Level 3:
       Stairs down to The Gnomish Mines.
 The Gnomish Mines:
    Level 4: <- You were here.
       Final resting place for
          you, killed by a dwarf.


Vanquished creatures:
  a shrieker
  a little dog
  2 giant rats
  a yellow mold
  2 gnomes
  a gecko
  2 jackals
  2 foxes
  2 goblins
  a bat
  3 lichens
  2 newts
20 creatures vanquished.

No species were genocided or became extinct.

Game over:
                       ----------
                      /          \
                     /    REST    \
                    /      IN      \
                   /     PEACE      \
                  /                  \
                  |   Kwijibo4686    |
                  |      59 Au       |
                  |   killed by a    |
                  |      dwarf       |
                  |                  |
                  |                  |
                  |       2026       |
                 *|     *  *  *      | *
        _________)/\\_//(\/(/\)/\//\/|_)_______

Farvel Kwijibo4686 the Valkyrie...

You died in The Gnomish Mines on dungeon level 4 with 408 points,
and 59 pieces of gold, after 1003 moves.
You were level 3 with a maximum of 32 hit points when you died.

